 Dungeon Crawl Stone Soup version 0.27-a0-1154-gfdeffcb (webtiles) character file.

Game seed: 16361267842250341631

58 Meow the Stinger (level 4, 30/36 HPs)
             Began as a Naga Venom Mage on May 14, 2021.
             Quit the game on level 2 of the Dungeon.
             The game lasted 00:04:02 (1594 turns).

Meow the Stinger (Naga Venom Mage)                  Turns: 1594, Time: 00:04:03

Health: 30/36      AC:  2    Str: 10    XL:     4   Next: 2%
Magic:  8/8        EV: 10    Int: 16    God:
Gold:   92         SH:  0    Dex: 12    Spells: 5/9 levels left

rFire    . . .     SeeInvis +   a - +0 mace
rCold    . . .     Faith    .   (no shield)
rNeg     . . .     Spirit   .   d - +0 robe
rPois    +         Reflect  .   (no helmet)
rElec    .         Harm     .   (no cloak)
rCorr    .         Rampage  .   (no gloves)
Will     .....                  (no barding)
Stlth    ++........             (no amulet)
HPRegen  0.12/turn              (no ring)
MPRegen  0.11/turn              (no ring)

@: very slow
A: AC +1, large, see invisible, deformed body, poison resistance, slowness 2,
spit poison 1, naga tail 1
a: Spit Poison


You were on level 2 of the Dungeon.
You visited 1 branch of the dungeon, and saw 2 of its levels.

You collected 92 gold pieces.

Inventory:

Hand Weapons
 a - a +0 mace (weapon)
 q - a +2 dagger of draining
Missiles
 b - 10 sling bullets
 c - 42 stones
 e - 23 arrows
 o - 25 bolts
Armour
 d - a +0 robe (worn)
 n - a +0 tower shield
Scrolls
 i - a scroll of identify {unknown}
 k - a scroll of magic mapping {unknown}
 p - a scroll of teleportation {unknown}
Potions
 f - a potion of flight {unknown}
 g - 2 potions of curing {unknown}
 h - a potion of heal wounds {unknown}
 j - a potion of haste {unknown}
 l - a potion of mutation {unknown}
 m - a potion of attraction {unknown}


   Skills:
 - Level 1.5 Dodging
 - Level 3.0 Stealth
 + Level 3.0 Spellcasting
 - Level 1.0 Transmutations
 + Level 5.3 Poison Magic


You had 5 spell levels left.
You knew the following spells:

 Your Spells              Type           Power      Damage    Failure   Level
a - Sting                 Tmut/Pois      48%        1d5       4%          1
c - Mephitic Cloud        Conj/Pois/Air  8%         N/A       26%         3

Your spell library contained the following spells:

 Spells                   Type           Power      Damage    Failure   Level
 Poisonous Vapours        Pois/Air       20%        N/A       10%         2
 Olgreb's Toxic Radiance  Pois           19%        N/A       21%         4
 Ignite Poison            Fire/Tmut/Pois 9%         N/A       24%         3


Dungeon Overview and Level Annotations

Branches:
Dungeon (2/15)

Altars:

Shops:
D:2 ?


Innate Abilities, Weirdness & Mutations

Your serpentine skin is tough. (AC +1)
You have supernaturally acute eyesight. (SInv)
Armour fits poorly on your strangely shaped body.
Your system is resistant to poisons. (rPois)
You cover ground very slowly.
You can spit poison.
You have a snake-like lower body.


Message History

You feel sick.
Your Spellcasting skill increases to level 3!
You have reached level 4!
You feel agile.
You feel sick.
You feel sick.
You feel sick.
You feel sick.
You are no longer poisoned.
You can't do that yet.
Unknown command.
Casting: Sting (safe; 4% risk of failure)
Confirm with . or Enter, or press ? or * to list all spells.
Aiming: Sting (safe; 4% risk of failure)
Press: ? - help, Shift-Dir - straight line, f - ball python
Aim: a ball python (68% to hit)
The sting hits the ball python.
The ball python is poisoned.
The ball python is moderately wounded.
You have got your breath back.
The ball python barely misses you.
Casting: Sting (safe; 4% risk of failure)
Confirm with . or Enter, or press ? or * to list all spells.
Aiming: Sting (safe; 4% risk of failure)
Press: ? - help, Shift-Dir - straight line, f/p - ball python
Aim: a ball python (moderately wounded, poisoned, 68% to hit)
The sting misses the ball python.
The ball python misses you.
Press: ? - help, Shift-Dir - straight line, f/p - ball python
Aim: a ball python (severely wounded, poisoned)
The splash of poison hits the ball python.
The ball python looks even sicker.
You kill the ball python!
You have got your breath back.
You see here 25 bolts.
o - 25 bolts Magic restored.
p - a scroll labelled QEKYIF XITOBB
Okay, then.
You see here a +2 dagger of draining.
q - a +2 dagger of draining Are you sure you want to abandon this character and quit the game? (Confirm with "yes".)

##########.#.####.####.#.#.####.#
#..#...........#.#.......
#..#############.########
#........................
#.#.##.##...##.....#...#.
#.#...## ##........S.....
#.#.##.###..###...#..#.#.
#.###..#.##.#.#.# ##.........
#.....###...@...# ####.##...
#####.#.#####..# #.#####
##.........# #.# #..#####.## #.#
#..# #># #.# #..# #.# #.# #..#
#.########.# ## #.$# #..........#
.# #..# #..########


There were no monsters in sight!

Vanquished Creatures
  An adder (D:2)
  A worm (D:2)
  A bat (D:1)
  2 endoplasms
  2 giant cockroaches
  7 hobgoblins
  A jackal (D:2)
  3 kobolds
  2 quokkas
  7 ball pythons
  5 frilled lizards
  8 goblins
  3 rats
43 creatures vanquished.

Notes
Turn   | Place    | Note
-------+----------+-------------------------------------------
     0 | D:1      | Meow the Naga Venom Mage began the quest for the Orb.
     0 | D:1      | Reached XP level 1. HP: 15/15 MP: 3/3
   192 | D:1      | Reached XP level 2. HP: 18/22 MP: 0/5
   752 | D:2      | Found Nooxisou's Magic Scroll Boutique.
   783 | D:2      | Found a faded altar of an unknown god.
   860 | D:2      | Reached XP level 3. HP: 26/28 MP: 2/6
   864 | D:2      | Learned a level 3 spell: Mephitic Cloud
  1094 | D:2      | Reached skill level 5 in Poison Magic
  1526 | D:2      | Reached XP level 4. HP: 23/36 MP: 4/8
  1594 | D:2      | Quit the game

Illustrated notes

Levels and vault maps discovered:
D:1:      minmay_arrival_glassed_features, layout_basic
D:2:      layout_loops_ring, hellmonk_ecumenical_altar_arch_garden,
          serial_shops, nicolae_shop_crystal, roderic_lattice_a, minmay_puff

Skill      XL: |  1  2  3 |
---------------+----------+-----
Poison Magic   | 5 |  5.3
Spellcasting   | 3 |  3.0
Dodging        | |  1.5
Stealth        | |  3.0
Transmutations | |  1.0

Action                   |  1- 3 |  4- 6 || total
-------------------------+-------+-------++-------
Melee: Mace              |    12 |       ||    12
 Cast: Sting             |    24 |     2 ||    26
 Abil: Spit Poison       |    40 |     1 ||    41
Armor: Robe              |     2 |       ||     2
Dodge: Dodged            |     6 |     2 ||     8

Table legend: (Time is in decaauts)
 A = Elapsed time spent in this place.
 B = Non-inter-level travel time spent in this place.
 C = Inter-level travel time spent in this place.
 D = Time resting spent in this place.
 E = Time spent auto-exploring this place.
 F = Levels seen in this place.
 G = Mean time per level.
                   A        B        C        D        E       F      G
               +--------+--------+--------+--------+--------+-----+--------+
         Total |   2134 |   2120 |     14 |    119 |   1642 |   2 | 1067.0 |
       Dungeon |   2134 |   2120 |     14 |    119 |   1642 |   2 | 1067.0 |
               +--------+--------+--------+--------+--------+-----+--------+

Top non-repeatable levels by time:
     D:2: 1132 daAuts
     D:1: 1001 daAuts
